 Dungeon Crawl Stone Soup version 0.29-a0-214-g17f627cfee (webtiles) character file.

Game seed: 3400993479117616282

51 sammy202020 the Cudgeller (level 3, -3/34 HPs)
             Began as a Naga Berserker on Feb 24, 2022.
             Was a Believer of Trog.
             Slain by a worm (10 damage)
             ... on level 2 of the Dungeon.
             The game lasted 00:10:47 (2252 turns).

sammy202020 the Cudgeller (Naga Berserker)          Turns: 2252, Time: 00:10:47

Health: -3/34      AC:  4    Str: 19    XL:     3   Next: 81%
Magic:  3/3        EV:  9    Int:  7    God:    Trog [**....]
Gold:   10         SH:  0    Dex: 12    Spells: 2/2 levels left

rFire   . . .      SeeInvis +   a - +0 mace
rCold   . . .      Faith    .   (no shield)
rNeg    . . .      Spirit   .   f - +0 ring mail
rPois   +          Reflect  .   c - +0 helmet
rElec   .          Harm     .   (no cloak)
rCorr   .          Rampage  .   (no gloves)
Will    .....                   (no barding)
Stlth   +.........              (no amulet)
HPRegen 0.11/turn               (no ring)
MPRegen 0.08/turn               (no ring)

@: very slow
A: AC +1, large, see invisible, deformed body, poison resistance, slowness 2,
spit poison 1, naga tail 1
a: Spit Poison, Renounce Religion, Berserk, Trog's Hand


You were on level 2 of the Dungeon.
You worshipped Trog.
Trog was pleased with you.
You visited 1 branch of the dungeon, and saw 2 of its levels.

You collected 10 gold pieces.

Inventory:

Hand Weapons
 a - a +0 mace (weapon)
Armour
 b - a +0 animal skin
 c - a +0 helmet (worn)
 e - a +0 robe
 f - a +0 ring mail (worn)
Potions
 d - a potion of degeneration {unknown}


   Skills:
 + Level 3.5 Fighting
 + Level 3.6 Maces & Flails
 + Level 1.8 Armour
 + Level 2.0 Dodging
 + Level 0.4 Stealth


You had 2 spell levels left.
You didn't know any spells.
Your spell library was empty.

Dungeon Overview and Level Annotations

Branches:
Dungeon (2/15)

Altars:


Innate Abilities, Weirdness & Mutations

Your serpentine skin is tough. (AC +1)
You have supernaturally acute eyesight. (SInv)
Armour fits poorly on your strangely shaped body.
Your system is resistant to poisons. (rPois)
You cover ground very slowly.
You can spit poison.
You have a snake-like lower body.


Message History

You have got your breath back.
You see here a +0 club.
You see here a +0 dagger.
You start removing your armour.
You continue taking off your +0 animal skin. x4
You finish taking off your +0 animal skin.
You start putting on your armour.
You continue putting on your +0 ring mail. x5
You finish putting on your +0 ring mail.
You see here a +0 dagger.
A worm comes into view.
You see here a +0 dagger.
Aiming: Spit Poison (2% risk of failure)
Press: ? - help, Shift-Dir - straight line, f - worm
Aim: a worm (86% to hit)
The splash of poison misses the worm.
You see here a +0 club.
Things that are here:
a hobgoblin corpse; a hobgoblin corpse You have got your breath back.
You hit the worm but do no damage. The worm bites you.
You hit the worm.
The worm is moderately wounded.
You barely miss the worm.
The worm is moderately wounded.
The worm bites you.
You hit the worm but do no damage.
The worm is moderately wounded.
The worm bites you!
* * * LOW HITPOINT WARNING * * *
You sock the worm!
The worm is severely wounded.
You hit the worm.
The worm is severely wounded.
The worm bites you.
* * * LOW HITPOINT WARNING * * *
You barely miss the worm.
The worm is severely wounded.
The worm bites you!
You die...

*,* *,* ##.#.#.#.#,** # *,* #.#
#.........,,* ** ***,* #.#
##.#.#.#.#.** *, ,,,,* #.#
#..#######.####*, ***** #.# ##)##
*,...,,, #.# #).# **#.#*** #.#
#†## #.# #.# #w# #.# ##.####@#
#.# *********#.......####### #.##
,,,,,,,,*#)#...........#####..###
*******,*#...#########..........†
* *,*##.## ########.### *** *,*
#.# #.### ,,* ###.###<#######
#.... *,**#.............# #####
*,**....###.#####.# #########


You could see a worm.

Vanquished Creatures
  An adder (D:2)
  An adder skeleton (D:2)
  4 endoplasms
  2 giant cockroaches (D:1)
  3 goblins (D:2)
  7 hobgoblins
  A kobold (D:2)
  A quokka (D:1)
  2 ball pythons (D:1)
  A ball python skeleton (D:2)
  3 bats
  2 frilled lizards (D:2)
  A giant cockroach zombie (D:2)
  3 rats
32 creatures vanquished.

Vanquished Creatures (collateral kills)
  An adder zombie (D:2)
1 creature vanquished.

Vanquished Creatures (others)
  4 withered plants (D:2)
4 creatures vanquished.

Grand Total: 37 creatures vanquished

Notes
Turn   | Place    | Note
-------+----------+-------------------------------------------
     0 | D:1      | sammy202020 the Naga Berserker began the quest for the Orb.
     0 | D:1      | Reached XP level 1. HP: 21/21 MP: 1/1
   795 | D:1      | Reached XP level 2. HP: 21/28 MP: 2/2
  1459 | D:2      | Reached XP level 3. HP: 27/34 MP: 3/3
  2178 | D:2      | Reached ** piety under Trog
  2252 | D:2      | Slain by a worm

Illustrated notes

Levels and vault maps discovered:
D:1:      dpeg_arrival_arbitrary_a, layout_loops_corners
D:2:      layout_loops_ring, serial_undead, serial_undead_d, serial_undead_b,
          serial_undead_d, serial_undead_b, serial_undead_c, serial_undead_c,
          serial_undead_f, st_stairs_11

Skill      XL: |  1  2  3 |
---------------+----------+-----
Dodging        | 2 |  2.0
Fighting       | |  3.5
Maces & Flails | |  3.6
Armour         | |  1.8
Stealth        | |  0.4

Action                   || total
-------------------------++-------
Melee: Mace              ||   148
       Punch             ||     2
 Abil: Spit Poison       ||     5
  Use: Scroll            ||     5
       Potion            ||     3
Armor: Animal skin       ||    41
Dodge: Dodged            ||    74

Table legend: (Time is in decaauts)
 A = Elapsed time spent in this place.
 B = Non-inter-level travel time spent in this place.
 C = Inter-level travel time spent in this place.
 D = Time resting spent in this place.
 E = Time spent auto-exploring this place.
 F = Levels seen in this place.
 G = Mean time per level.
                   A        B        C        D        E       F      G
               +--------+--------+--------+--------+--------+-----+--------+
         Total |   2727 |   2727 |      0 |     60 |   1344 |   2 | 1363.5 |
       Dungeon |   2727 |   2727 |      0 |     60 |   1344 |   2 | 1363.5 |
               +--------+--------+--------+--------+--------+-----+--------+

Top non-repeatable levels by time:
     D:1: 1737 daAuts
     D:2: 989 daAuts
